 Dungeon Crawl Stone Soup version 0.30.1-3-gfc49f6343a (webtiles) character file.

Game seed: 8456163869817102599

26374 Mune the Bludgeoner (level 12, -3/175 HPs)
             Began as a Minotaur Berserker on Aug 9, 2023.
             Was a Priest of Trog.
             Slain by a tentacle (9 damage)
             ... attached to a kraken
             ... on level 1 of the Shoals.
             The game lasted 00:25:34 (12307 turns).

Mune the Bludgeoner (Minotaur Berserker)           Turns: 12307, Time: 00:25:34

Health: -3/175     AC: 14    Str: 33    XL:     12   Next: 97%
Magic:  11/11      EV: 10    Int:  4    God:    Trog [***...]
Gold:   757        SH:  5    Dex: 16    Spells: 11/11 levels left

rFire   . . .        L - -2 demon whip (venom)
rCold   . . .        (no shield)
rNeg    . . .        m - +0 chain mail
rPois   .            (helmet restricted)
rElec   .            k - +0 cloak
rCorr   .            (no gloves)
SInv    .            (no boots)
Will    ++...        x - amulet of reflection Stlth
                     d - +6 ring of dexterity
HPRegen 1.49/turn    A - +6 ring of strength
MPRegen 0.12/turn

%: reflection
@: berserking, strong-willed, regenerating, very quick
A: horns 2, retaliatory headbutt
a: Renounce Religion, Berserk, Trog's Hand


You were on level 1 of the Shoals.
You worshipped Trog.
Trog was most pleased with you.
You visited 3 branches of the dungeon, and saw 11 of its levels.
You also visited: Ossuary.

You collected 757 gold pieces.

Inventory:

Hand Weapons
 L - a -2 demon whip of venom (weapon)
Missiles
 s - a throwing net
Armour
 k - a +0 cloak (worn)
 m - a +0 chain mail (worn)
Jewellery
 d - a +6 ring of dexterity (left hand)
 x - an amulet of reflection (around neck)
 A - a +6 ring of strength (right hand)
Wands
 l - a wand of flame (16)
 C - a wand of mindburst (13) (quivered)
 I - a wand of iceblast (8)
Scrolls
 a - 4 scrolls of noise {unknown}
 b - a scroll of enchant armour
 c - 3 scrolls of magic mapping
 e - 4 scrolls of immolation {unknown}
 f - 4 scrolls of blinking
 j - 5 scrolls of fog
 o - 2 scrolls of amnesia {unknown}
 q - 2 scrolls of vulnerability
 v - 2 scrolls of butterflies
 y - 3 scrolls of identify
 F - a scroll of torment
 H - 2 scrolls of poison {unknown}
 K - 4 scrolls of fear
Potions
 g - 7 potions of lignification {unknown}
 h - 2 potions of brilliance {unknown}
 i - 3 potions of invisibility
 n - 7 potions of attraction {unknown}
 p - 3 potions of flight
 r - 2 potions of experience {unknown}
 t - 2 potions of haste {unknown}
 u - 2 potions of degeneration
 w - 8 potions of heal wounds {unknown}
 z - a potion of mutation {unknown}
 B - a potion of ambrosia {unknown}
 D - a potion of might {unknown}
 E - a potion of berserk rage {unknown}
 G - a potion of magic {unknown}
 J - 3 potions of curing {unknown}


   Skills:
 + Level 14.0 Fighting
 - Level 4.3(12.9) Axes
 * Level 18.5(18.7) Maces & Flails
 + Level 12.2 Armour
 - Level 2.1 Dodging


You had 11 spell levels left.
You didn't know any spells.
Your spell library was empty.

Dungeon Overview and Level Annotations

Branches:
Dungeon (8/15)             Temple (0/1) D:4            Lair (2/5) D:8
 Shoals (1/4) Lair:2      Ossuary (visited)
  Snake: Lair:2-3    Spider: Lair:2-3

Altars:
Ashenzari
Fedhas
Okawaru
Qazlal
Sif Muna
Wu Jian
Xom
Yredelemnul


Innate Abilities, Weirdness & Mutations

You have a pair of horns on your head.
You reflexively headbutt those who attack you in melee.


Message History

The tentacle slaps you. x2
* * * LOW HITPOINT WARNING * * *
You are too injured to fight recklessly!
You are too injured to fight recklessly!
You hit the tentacle. You headbutt the tentacle!
The tentacle is moderately wounded.
The tentacle slaps you!
* * * LOW HITPOINT WARNING * * *
The tentacle slaps you but does no damage.
The tentacle closely misses you. You block the tentacle's attack.
You hit the tentacle.
The tentacle is poisoned.
The tentacle is moderately wounded.
You hit the tentacle.
The tentacle is heavily wounded.
The tentacle barely misses you. You furiously retaliate!
You headbutt the tentacle!! You block the tentacle's attack.
A tentacle segment bursts forth from the water. x2
The tentacle slaps you but does no damage.
The tentacle barely misses you.
A tentacle segment bursts forth from the water. x2
You whack the tentacle!
The tentacle looks as sick as possible!
You headbutt the tentacle.
You kill the tentacle!
You thrash the tentacle!!
The tentacle looks as sick as possible!
The tentacle is almost dead.
The tentacle slaps you but does no damage.
The tentacle slaps you!
* * * LOW HITPOINT WARNING * * *
The tentacle slaps you!
* * * LOW HITPOINT WARNING * * *
You whack the tentacle!
The tentacle is poisoned.
The tentacle is moderately wounded.
You feel the power of Trog in you as your rage grows.
You kill the tentacle!
The tentacle slaps you!
* * * LOW HITPOINT WARNING * * *
You whack the tentacle!
The tentacle is heavily wounded.
The tentacle slaps you!
You die...

≈≈≈≈≈≈~~.................~
≈≈≈≈≈~......).......##...~
≈≈≈≈≈~..###........###....
≈≈≈≈≈~..# #........###....
≈≈≈≈~~).###>..##..........
≈≈≈≈~~........##..........
≈≈≈~~.................^#..
≈≈≈~~...w.......~~..##....
≈≈≈≈~~~~.@.~~...~~.###....
≈≈≈≈~~~.w..~~.......##...÷
≈≈≈≈≈≈~~....~~............
≈≈≈≈≈≈~~~~~......)........
≈≈≈≈≈≈≈~~~~~........÷.....
≈≈≈≈≈≈≈≈X~~....#...÷÷....
≈≈≈≈≈≈≈≈≈~~..............
≈≈≈≈≈≈≈≈≈≈~~..........~.~
≈≈≈≈≈≈≈≈≈≈~~..~~~~~...~~~


You could see a kraken and 2 tentacles.

Vanquished Creatures
  A merfolk avatar (Shoals:1)
  A two-headed ogre (D:8)
  A merfolk aquamancer (Shoals:1)
  Nergalle (Lair:1)
  A skyshark (Shoals:1)
  Amaemon (Lair:1)
  Pikel (D:8)
  2 harpies (Shoals:1)
  3 sea snakes (Shoals:1)
  3 manticores (Shoals:1)
  A cyclops (D:8)
  3 merfolk sirens (Shoals:1)
  Maurice (D:8)
  A water nymph (Lair:2)
  A black mamba (Lair:1)
  A cane toad (Lair:2)
  An orange demon (Lair:1)
  An unseen horror (D:8)
  Psyche (D:8)
  7 komodo dragons
  A hornet (D:5)
  A wind drake (Shoals:1)
  5 blink frogs (Lair:2)
  Sigmund (D:2)
  2 snapping turtles (Shoals:1)
  A shadow (D:6)
  3 water elementals (Shoals:1)
  A wyvern (Lair:2)
  20 yaks
  A basilisk (Lair:2)
  3 steam dragons
  Menkaure (Ossuary)
  5 water moccasins
  An orc warrior (D:5)
  4 black bears (D:8)
  An ice beast (D:6)
  The ghost of thotpolice the Poker, an amateur MfBe of Trog (D:3)
  3 sky beasts
  10 wolves
  4 ogres
  2 centaurs
  4 lemures (D:8)
  4 phantoms
  13 bullfrogs
  5 wights (D:7)
  5 scorpions
  5 killer bees (D:8)
  7 howler monkeys
  A jelly (D:7)
  4 orc priests
  7 hounds
  Crazy Yiuf (D:2)
  A gnoll bouda (D:8)
  A sleepcap (D:5)
  Jessica (D:2)
  3 iguanas
  5 orc wizards
  3 mummies (Ossuary)
  Robin (D:3)
  5 gnolls
  7 adders
  2 white imps (D:6)
  4 ufetubi
  A worm (D:5)
  2 dart slugs
  13 orcs
  7 endoplasms
  3 giant cockroaches
  7 gnoll zombies (Ossuary)
  11 goblins
  9 hobgoblins
  3 jackals (D:1)
  4 quokkas
  6 ball pythons
  7 bats
  6 frilled lizards
  4 gnoll skeletons (Ossuary)
  6 goblin skeletons (Ossuary)
  A goblin zombie (Ossuary)
  6 hobgoblin skeletons (Ossuary)
  2 hobgoblin zombies (Ossuary)
  9 kobolds
  3 kobold skeletons (Ossuary)
  6 kobold zombies (Ossuary)
  5 orc skeletons (Ossuary)
  3 orc zombies (Ossuary)
  10 rats
  A rat skeleton (Ossuary)
  6 rat zombies (Ossuary)
  2 tentacles (Shoals:1)
336 creatures vanquished.

Vanquished Creatures (collateral kills)
  A skyshark (Lair:2)
  2 harpies (Shoals:1)
  A snapping turtle (Shoals:1)
  A water moccasin (Lair:2)
5 creatures vanquished.

Grand Total: 341 creatures vanquished

Notes
Turn   | Place    | Note
-------+----------+-------------------------------------------
     0 | D:1      | Mune the Minotaur Berserker began the quest for the Orb.
     0 | D:1      | Reached XP level 1. HP: 19/19 MP: 0/0
   182 | D:1      | Reached XP level 2. HP: 15/27 MP: 1/1
   393 | D:1      | Reached XP level 3. HP: 33/33 MP: 2/2
   422 | D:1      | Reached ** piety under Trog
   478 | D:1      | Reached skill level 1 in Maces & Flails
   612 | D:1      | Found a faded altar of an unknown god.
   927 | D:2      | Noticed Jessica
   933 | D:2      | Killed Jessica
   934 | D:2      | Reached skill level 2 in Maces & Flails
   934 | D:2      | Reached XP level 4. HP: 32/41 MP: 3/3
  1106 | D:2      | Found a runed translucent door.
  1107 | D:2      | Noticed Crazy Yiuf
  1181 | D:2      | Killed Crazy Yiuf
  1292 | D:2      | Reached skill level 3 in Maces & Flails
  1580 | D:2      | Noticed Sigmund
  1592 | D:2      | Killed Sigmund
  1593 | D:2      | Reached skill level 5 in Fighting
  1593 | D:2      | Reached skill level 4 in Maces & Flails
  1593 | D:2      | Reached XP level 5. HP: 41/48 MP: 4/4
  1593 | D:2      | Reached XP level 6. HP: 48/56 MP: 5/5
  1685 | D:3      | Found a transporter.
  1803 | D:3      | Noticed thotpolice's ghost (amateur MfBe)
  1804 | D:3      | Identified the +1 great mace of Jukhireu {pain, Dex+7}
  1809 | D:3      | Found a transporter.
  1819 | D:3      | Reached skill level 5 in Maces & Flails
  1822 | D:3      | Killed thotpolice's ghost
  1827 | D:3      | Reached skill level 6 in Maces & Flails
  1827 | D:3      | Reached XP level 7. HP: 32/63 MP: 6/6
  1929 | D:3      | Found a blossoming altar of Fedhas.
  2142 | D:3      | Noticed Robin
  2152 | D:3      | Killed Robin
  2159 | D:3      | Found a stormy altar of Qazlal.
  2581 | D:4      | Reached *** piety under Trog
  2638 | D:4      | Reached skill level 7 in Maces & Flails
  2972 | D:4      | Found a staircase to the Ecumenical Temple.
  3042 | D:5      | Entered Level 5 of the Dungeon
  3108 | D:5      | Reached skill level 8 in Maces & Flails
  3108 | D:5      | Reached XP level 8. HP: 69/73 MP: 7/7
  3358 | D:5      | Reached skill level 9 in Maces & Flails
  3698 | D:5      | Noticed a hornet
  3703 | D:5      | Killed a hornet
  3704 | D:5      | Reached skill level 10 in Maces & Flails
  4202 | D:6      | Found a shimmering altar of Xom.
  4210 | D:6      | Found an iron altar of Okawaru.
  4213 | D:6      | Found an ornate altar of the Wu Jian Council.
  4213 | D:6      | Found a basalt altar of Yredelemnul.
  4220 | D:6      | Found a shimmering blue altar of Sif Muna.
  4277 | D:6      | Reached XP level 9. HP: 72/82 MP: 8/8
  4505 | D:6      | Reached skill level 5 in Armour
  4604 | D:6      | Reached skill level 11 in Maces & Flails
  5832 | D:7      | Reached skill level 12 in Maces & Flails
  6292 | D:8      | Found a sand-covered staircase.
  6307 | Ossuary  | Entered an ossuary
  6555 | Ossuary  | Reached **** piety under Trog
  6581 | Ossuary  | Noticed Menkaure
  6590 | Ossuary  | Killed Menkaure
  6591 | Ossuary  | Reached XP level 10. HP: 93/93 MP: 9/9
  6724 | D:8      | Reached skill level 10 in Fighting
  6747 | D:8      | Reached skill level 13 in Maces & Flails
  6755 | D:8      | Found a staircase to the Lair.
  7033 | D:8      | Noticed a cyclops
  7041 | D:8      | Killed a cyclops
  7051 | D:8      | Noticed Pikel
  7067 | D:8      | Killed Pikel
  7068 | D:8      | Reached skill level 14 in Maces & Flails
  7138 | D:8      | Found a broken altar of Ashenzari.
  7148 | D:8      | Noticed Psyche
  7159 | D:8      | Killed Psyche
  7524 | D:8      | Noticed a two-headed ogre
  7531 | D:8      | Noticed Maurice
  7534 | D:8      | Killed a two-headed ogre
  7535 | D:8      | Reached XP level 11. HP: 31/102 MP: 10/10
  7540 | D:8      | Killed Maurice
  7998 | Lair:1   | Entered Level 1 of the Lair of Beasts
  8002 | Lair:1   | Noticed Amaemon
  8248 | Lair:1   | Killed Amaemon
  8249 | Lair:1   | Reached skill level 15 in Maces & Flails
  8734 | Lair:1   | Noticed Nergalle
  8746 | Lair:1   | Killed Nergalle
  9454 | Lair:2   | Reached skill level 10 in Armour
  9523 | Lair:2   | Reached skill level 16 in Maces & Flails
  9693 | Lair:2   | Noticed a skyshark
  9701 | Lair:2   | Killed a skyshark
  9723 | Lair:2   | Reached XP level 12. HP: 95/113 MP: 11/11
 10237 | Lair:2   | Reached skill level 17 in Maces & Flails
 10675 | Shoals:1 | Entered Level 1 of the Shoals
 11265 | Shoals:1 | Reached skill level 18 in Maces & Flails
 12043 | Shoals:1 | Noticed a merfolk avatar
 12056 | Shoals:1 | Killed a merfolk avatar
 12176 | Shoals:1 | Noticed a merfolk aquamancer
 12186 | Shoals:1 | Killed a merfolk aquamancer
 12295 | Shoals:1 | Noticed a kraken
 12306 | Shoals:1 | HP: 5/175 [tentacle[a kraken] (16)]
 12307 | Shoals:1 | Slain by a tentacle

Illustrated notes

Levels and vault maps discovered:
D:1:      evilmike_arrival_fibonacci_small, layout_loops_ring,
          ebering_ecumenical_altar_ruins
D:2:      layout_loops_ring, uniq_jessica, uniq_sigmund, uniq_crazy_yiuf_cottage
D:3:      layout_rooms, fedhas_altar_1, grunt_qazlal_clouds,
          gammafunk_ghost_smash, uniq_robin
D:4:      layout_cave_pools, minmay_temple_entry_antechambers,
          grunt_ministairs_6, serial_bayou_crossing
D:5:      layout_basic, chequers_serial_rivers_micro_b, minmay_misc_feat_room,
          hangedman_abyss_or_decor_passed
D:6:      layout_loops_ring, nicolae_overflow_hallway_of_the_gods,
          grunt_ministairs_9
D:7:      layout_loops_cross, minmay_between
D:8:      layout_basic, general_overflow_altar, due_lair_maze_entry_diamond,
          nicolae_ossuary_entry_ruins, uniq_maurice, uniq_psyche, uniq_pikel
Lair:1:   layout_loops_ring, serial_rivers, chequers_serial_rivers_micro_e,
          chequers_serial_rivers_room_b, chequers_serial_rivers_large_a,
          chequers_serial_rivers_micro_c, uniq_nergalle, uniq_amaemon
Lair:2:   layout_regular_city, nicolae_shoals_entry_flooding, grunt_megastairs_1
Shoals:1: layout_shoals

Skill      XL: |  1  2  3  4  5  6  7  8  9 10 11 12 |
---------------+-------------------------------------+-----
Axes           | 4 |  4.3
Fighting       | 4 5 6 7 8 9 11 12 14 | 14.0
Armour         | 3 4 6 8 10 12 | 12.2
Maces & Flails | 2 4 6 8 10 12 14 16 18 | 18.5
Dodging        | |  2.1

Action                     |  1- 3 |  4- 6 |  7- 9 | 10-12 || total
---------------------------+-------+-------+-------+-------++-------
  Melee: Hand axe          |    30 |       |       |       ||    30
         Headbutt          |     6 |     9 |    61 |   100 ||   176
         Whip              |    34 |    53 |   230 |    55 ||   372
         Punch             |       |       |     3 |     8 ||    11
         Mace              |       |       |   113 |    75 ||   188
         Broad axe         |       |       |       |    31 ||    31
         Demon whip        |       |       |       |   284 ||   284
  Throw: Throwing net      |       |       |     1 |       ||     1
 Invoke: Berserk           |     2 |     2 |     9 |    12 ||    25
         Trog's Hand       |       |     3 |    10 |    12 ||    25
         Brothers in Arms  |       |       |       |     3 ||     3
  Evoke: Wand              |       |       |       |    23 ||    23
    Use: Scroll            |       |       |     7 |     5 ||    12
   Stab: Sleeping          |     3 |     3 |       |       ||     6
         Distracted        |       |       |     1 |       ||     1
         Held in net/web   |       |       |     1 |       ||     1
 Armour: Animal skin       |     7 |     2 |     1 |       ||    10
         Chain mail        |       |       |   113 |   146 ||   259
         Skin              |       |       |       |     4 ||     4
  Dodge: Dodged            |    38 |    25 |   116 |   142 ||   321
  Block: Other             |       |       |    24 |    65 ||    89
